 Dungeon Crawl Stone Soup version 0.25.1-2-g60ff931df9 (console) character file.

Game seed: 4504247829585197820

20 Colgate the Conjurer (level 2, 19/20 HPs)
             Began as a Demigod Conjurer on Aug 16, 2020.
             Quit the game on level 1 of the Dungeon.
             The game lasted 00:05:41 (340 turns).

Colgate the Conjurer (Demigod Conjurer)              Turns: 340, Time: 00:05:41

Health: 19/20      AC:  2    Str: 11    XL:     2   Next: 42%
Magic:  7/7        EV: 12    Int: 19    God:
Gold:   24         SH:  0    Dex: 16    Spells: 1/4 levels left

rFire    x . .     SeeInvis .   i - +0 dagger
rCold    + . .     Gourm    .   (no shield)
rNeg     . . .     Faith    .   a - +0 robe
rPois    .         Spirit   .   (no helmet)
rElec    .         Reflect  .   (no cloak)
rCorr    .         Harm     .   (no gloves)
MR       .....                  (no boots)
Stlth    ++........             b - amulet of magic regeneration
HPRegen  0.06/turn              g - ring of ice
MPRegen  0.35/turn              (no ring)

@: no status effects
A: high mp 1
a: no special abilities


You were on level 1 of the Dungeon.
You were not hungry.

You visited 1 branch of the dungeon, and saw 1 of its levels.

You collected 24 gold pieces.

Inventory:

Hand Weapons
 i - a +0 dagger (weapon)
Missiles
 j - 14 poisoned darts (quivered)
 k - 23 stones
Armour
 a - a +0 robe (worn)
Jewellery
 b - an amulet of magic regeneration (around neck)
 g - a ring of ice (left hand)
Scrolls
 d - a scroll of remove curse {unknown}
 h - a scroll of fear {unknown}
Potions
 e - a potion of degeneration {unknown}
Comestibles
 c - a ration
 f - 10 chunks of flesh


   Skills:
 - Level 1.7 Dodging
 - Level 1.7 Stealth
 - Level 1.7 Spellcasting
 + Level 4.3 Conjurations


You had one spell level left.
You knew the following spells:

 Your Spells              Type           Power        Failure   Level  Hunger
a - Magic Dart            Conj           ###.         3%          1    #......
b - Searing Ray           Conj           ###...       4%          2    ###....

Your spell library contained the following spells:

 Spells                   Type           Power        Failure   Level  Hunger
 Dazzling Flash           Conj/Hex       #.....       22%         3    ###....
 Fulminant Prism          Conj/Hex       #.........   56%         4    #####..
 Iskenderun's Mystic Bla  Conj/Tloc      #.......     56%         4    #####..


Dungeon Overview and Level Annotations

Branches:
Dungeon (1/15)


Innate Abilities, Weirdness & Mutations

You have an increased reservoir of magic. (+10% MP)


Message History

You butcher the rat corpse.
f - 9 chunks of flesh (gained 1)
You see here a rat skeleton.
Some of the chunks of flesh in your inventory have rotted away.
You see here a rat skeleton.
You see here 23 stones.
k - 23 stones Search for what [Enter for "d:1", or ? for help]?
Search for what [Enter for "d:1", or ? for help]?
Some of the chunks of flesh in your inventory have rotted away.
You butcher the hobgoblin corpse.
f - 9 chunks of flesh (gained 4)
You see here a hobgoblin skeleton. x2
There isn't anything to butcher here.
Search for what [Enter for "d:1", or ? for help]?
You butcher the rat corpse.
f - 10 chunks of flesh (gained 1)
You see here a rat skeleton. x2
There isn't anything to butcher here.
Are you sure you want to abandon this character and quit the game? (Confirm with "yes".)

###############
#............@######
#.#######÷.........###
####.#######.###........
...........#.# #.####.###
###..........# #.##.....#
###..#####.###
#.##.#.#.##### .....#
#..# #.............
.............#
#.##.#.#.####
......####..####.##.....#
......# #.......÷...>.##
...........#####.#.....#


There were no monsters in sight!

Vanquished Creatures
  2 dart slugs (D:1)
  A ball python (D:1)
  2 goblins (D:1)
  3 hobgoblins (D:1)
  2 bats (D:1)
  2 frilled lizards (D:1)
  5 rats (D:1)
17 creatures vanquished.

Notes
Turn   | Place    | Note
-------+----------+-------------------------------------------
     0 | D:1      | Colgate the Demigod Conjurer began the quest for the Orb.
     0 | D:1      | Reached XP level 1. HP: 14/14 MP: 5/5
   166 | D:1      | Reached skill level 4 in Conjurations
   210 | D:1      | Reached XP level 2. HP: 20/20 MP: 2/7
   216 | D:1      | Learned a level 2 spell: Searing Ray
   340 | D:1      | Quit the game

Illustrated notes

Levels and vault maps discovered:
D:1:      lightli_arrival_farm, layout_loops_ring

Skill      XL: |  1 |
---------------+----+-----
Conjurations   | 4 |  4.3
Dodging        | |  1.7
Stealth        | |  1.7
Spellcasting   | |  1.7

Action                   || total
-------------------------++-------
 Cast: Magic Dart        ||    32
       Searing Ray       ||     1
Armor: Robe              ||     2
Dodge: Dodged            ||     1
